 Dungeon Crawl Stone Soup version 0.23-a0-643-g9ccc95a (webtiles) character file.

18305 galech the Cleaver (level 12, -1/96 HPs)
             Began as a Demonspawn Fighter on Dec 31, 2018.
             Was a High Priest of Okawaru.
             Impaled on a porcupine's spines (14 damage)
             ... on level 1 of the Lair of Beasts.
             The game lasted 00:17:30 (13068 turns).

galech the Cleaver (Demonspawn Fighter)            Turns: 13068, Time: 00:17:31

Health: -1/96      AC: 18    Str: 16    XL:     12   Next: 26%
Magic:  12/13      EV: 15    Int: 10    God:    Okawaru [*****.]
Gold:   646        SH: 13    Dex: 22    Spells: 11/11 levels left

rFire    + . .     SeeInvis +   D - +2 war axe (flame)
rCold    + . .     Gourm    .   c - +0 shield
rNeg     + . .     Faith    .   q - +0 pearl dragon scales
rPois    +         Spirit   .   K - +0 helmet
rElec    .         Reflect  .   (no cloak)
rCorr    .         Harm     .   H - +0 pair of gloves
MR       .....                  (boots unavailable)
Stlth    ++........             R - amulet of magic regeneration
HPRegen  0.26/turn              l - ring of poison resistance
MPRegen  0.38/turn              O - ring of protection from fire

@: heroism, drained
A: talons 3, thin skeletal structure 1, see invisible, agile 1, cold resistance
1, spiny 1, freezing cloud immunity
a: Heroism, Finesse, Renounce Religion


You were on level 1 of the Lair of Beasts.
You worshipped Okawaru.
Okawaru was extremely pleased with you.
You were not hungry.

You visited 3 branches of the dungeon, and saw 13 of its levels.

You collected 646 gold pieces.

Inventory:

Hand Weapons
 x - a +1 whip of flaming
 D - a +2 war axe of flaming (weapon)
Armour
 c - a +0 shield (worn)
 o - the +0 swamp dragon scales of the Elven Halls {rPois rC+++ Str-3 Int+4}
   (Okawaru gifted it to you on level 10 of the Dungeon)

   It affects your strength (-3).
   It affects your intelligence (+4).
   It renders you almost immune to cold.
   It protects you from poison.
 q - +0 pearl dragon scales (worn)
 v - a +2 robe of positive energy
 H - a +0 pair of gloves (worn)
 K - a +0 helmet (worn)
Jewellery
 l - a ring of poison resistance (left hand)
 s - an uncursed amulet of harm
 F - an uncursed ring of resist corrosion
 O - a ring of protection from fire (right hand)
 R - an amulet of magic regeneration (around neck)
Wands
 b - a wand of flame (29)
 e - a wand of iceblast (11)
 u - a wand of scattershot (10)
 A - a wand of digging (8)
 C - a wand of enslavement (5)
 G - a wand of acid (11)
 J - a wand of random effects (17)
 P - a wand of paralysis (13)
 Q - a wand of polymorph (10)
Scrolls
 a - 3 scrolls of teleportation
 d - 2 scrolls of blinking
 g - a scroll of magic mapping
 i - 5 scrolls of fog
 k - 2 scrolls of amnesia
 m - 4 scrolls of fear
 n - 4 scrolls of remove curse
 t - 6 scrolls of identify
 y - a scroll of vulnerability
 E - 3 scrolls of silence
 M - a scroll of enchant armour {unknown}
 N - 3 scrolls of immolation {unknown}
Potions
 h - a potion of invisibility {unknown}
 j - 3 potions of flight
 p - 2 potions of resistance {unknown}
 r - 4 potions of mutation
 w - 2 potions of degeneration {unknown}
 z - 2 potions of might
 B - 2 potions of heal wounds {unknown}
 I - a potion of agility {unknown}
 L - 2 potions of haste
Comestibles
 f - 25 rations


   Skills:
 + Level 9.5(13.1) Fighting
 + Level 11.7(15.2) Axes
 + Level 8.6(12.2) Armour
 + Level 4.3(8.0) Dodging
 + Level 2.0(5.9) Stealth
 + Level 7.8(11.4) Shields
 + Level 1.9(0.8) Invocations


You had 11 spell levels left.
You didn't know any spells.
Your spell library contained the following spells:

 Spells                   Type           Power        Failure   Level  Hunger
 Freeze                   Ice            #...         89%         1    ##.....
 Magic Dart               Conj           #...         89%         1    ##.....
 Searing Ray              Conj           #.....       96%         2    ###....
 Throw Frost              Conj/Ice       #.....       96%         2    ###....
 Dazzling Spray           Conj/Hex       #.....       99%         3    ####...
 Ozocubu's Armour         Chrm/Ice       #.......     99%         3    ####...
 Force Lance              Conj/Tloc      #.......     100%        4    #####..
 Fulminant Prism          Conj/Hex       #.........   100%        4    #####..
 Iskenderun's Mystic Bla  Conj           #.......     100%        4    #####..
 Summon Ice Beast         Ice/Summ       #.......     100%        4    #####..
 Throw Icicle             Conj/Ice       #.......     100%        4    #####..


Dungeon Overview and Level Annotations

Branches:
Dungeon (11/15)            Temple (1/1) D:5            Lair (1/6) D:11
    Orc (0/2) D:11

Altars:
Ashenzari
Dithmenos
Elyvilon
Fedhas
Gozag
Hepliaklqana
Kikubaaqudgha
Makhleb
Nemelex Xobeh
Okawaru
Qazlal
Trog
Uskayaw
Vehumet
Wu Jian
Xom
Yredelemnul
Zin
The Shining One

Shops:
D:6 %   D:7 (


Innate Abilities, Weirdness & Mutations

You have claws for feet.
You have a somewhat thin skeletal structure. (Dex +2, Stealth)
Your flesh is cold resistant. (rC+)
You are partially covered in sharp spines.
You are immune to freezing clouds.
You have supernaturally acute eyesight. (SInv)
You are agile. (Dex +2)


Message History

The five-headed hydra barely misses you.
You hack one of the five-headed hydra's heads off!
The flame cauterises the wound!
You slash the four-headed hydra! You burn the four-headed hydra.
You claw the four-headed hydra.
The four-headed hydra is almost dead.
You hit the crocodile. You burn the crocodile. The crocodile bites you!
You barely miss the four-headed hydra. You claw the four-headed hydra.
You kill the four-headed hydra!
Okawaru accepts your kill.
You hit the crocodile. You burn the crocodile.
You kill the crocodile!
Okawaru accepts your kill.
You are struck by the porcupine's spines.
* * * LOW HITPOINT WARNING * * *
You hit the porcupine. You burn the porcupine.
The porcupine is lightly wounded.
The porcupine bites you!
* * * LOW HITPOINT WARNING * * *
You are struck by the porcupine's spines.
You die...

## .#####.#######
#%......#....##
..............##
(..............## ##
................##P#
......r@...........#
...................#####
.................#......
.........#.....#.#.#....
.#.......##.#..###......
##....................รท
#.#.....P....###.......
###..####....# ###.....
.... ......#####.....


You could see a porcupine.

Vanquished Creatures
  Erolcha (D:11)
  2 hydras
  Harold (D:7)
  2 two-headed ogres
  An unseen horror (D:11)
  An orange crystal statue (D:11)
  An obsidian statue (D:11)
  Pikel (D:5)
  The ghost of Leeroy the Carver, a novice DrSk of Okawaru (D:5)
  An oklob plant (D:11)
  A komodo dragon (D:11)
  3 trolls
  Grinder (D:5)
  Prince Ribbit (D:5)
  A hippogriff (D:10)
  4 yaks (D:10)
  Grum (D:9)
  A basilisk (D:10)
  4 hogs (D:7)
  A human (D:7)
  A water moccasin (D:11)
  A warg (D:11)
  A porcupine (Lair:1)
  4 ice beasts
  A slave (D:5)
  2 sky beasts
  6 black bears
  4 phantoms
  9 orc warriors
  2 necrophages
  2 wolves (D:9)
  14 centaurs
  6 ogres
  2 crocodiles
  7 bullfrogs
  A gnoll sergeant (D:7)
  21 killer bees
  9 wights
  A howler monkey (D:9)
  6 crimson imps
  2 hounds
  3 jellies
  15 orc wizards
  6 orc priests
  2 centaur skeletons
  A bullfrog skeleton (D:11)
  Terence (D:2)
  11 iguanas
  5 worker ants
  A hound skeleton (D:9)
  13 adders
  12 gnolls
  A howler monkey skeleton (D:6)
  3 shadow imps (D:6)
  An ooze (D:6)
  3 adder skeletons
  2 worms
  2 dart slugs
  10 leopard geckos
  45 orcs
  9 bats
  4 giant cockroaches
  6 goblins
  6 hobgoblins
  16 jackals
  10 kobolds
  3 quokkas
  2 ball pythons
  5 frilled lizards
  2 leopard gecko skeletons
  3 rats
335 creatures vanquished.

Vanquished Creatures (others)
  3 plants (D:11)
3 creatures vanquished.

Grand Total: 338 creatures vanquished

Notes
Turn   | Place    | Note
-------+----------+-------------------------------------------
     0 | D:1      | galech the Demonspawn Fighter began the quest for the Orb.
     0 | D:1      | Reached XP level 1. HP: 18/18 MP: 1/1
   417 | D:1      | Gained mutation: You have sharp toenails. [demonic
                  | ancestry]
   417 | D:1      | Reached XP level 2. HP: 23/24 MP: 2/2
   567 | D:1      | Reached skill level 2 in Axes
   770 | D:2      | Gained mutation: You have razor-sharp toenails. [demonic
                  | ancestry]
   770 | D:2      | Reached XP level 3. HP: 19/29 MP: 3/3
  1176 | D:2      | Reached XP level 4. HP: 35/35 MP: 4/4
  1308 | D:2      | Noticed Terence
  1319 | D:2      | Killed Terence
  1799 | D:3      | Reached skill level 3 in Axes
  1800 | D:3      | Gained mutation: Your flesh is cold resistant. (rC+)
                  | [demonic ancestry]
  1800 | D:3      | Reached XP level 5. HP: 41/41 MP: 5/5
  2752 | D:4      | Reached skill level 4 in Axes
  2752 | D:4      | Reached skill level 1 in Dodging
  2752 | D:4      | Gained mutation: You are immune to freezing clouds.
                  | [demonic ancestry]
  2752 | D:4      | Reached XP level 6. HP: 41/48 MP: 6/6
  3138 | D:4      | Found a white marble altar of Elyvilon.
  3465 | D:5      | Entered Level 5 of the Dungeon
  3570 | D:5      | Noticed a slave
  3570 | D:5      | Noticed a slave
  3570 | D:5      | Noticed a slave
  3570 | D:5      | Noticed a slave
  3571 | D:5      | Noticed Pikel
  3671 | D:5      | Killed a slave
  3679 | D:5      | Killed Pikel
  3679 | D:5      | Reached skill level 5 in Axes
  3679 | D:5      | Gained mutation: You have claws for feet. [demonic
                  | ancestry]
  3679 | D:5      | Reached XP level 7. HP: 19/54 MP: 7/7
  3944 | D:5      | Found a staircase to the Ecumenical Temple.
  3960 | Temple   | Entered the Ecumenical Temple
  4056 | Temple   | Became a worshipper of Warmaster Okawaru
  4210 | D:5      | Noticed Grinder
  4217 | D:5      | Paralysed by Grinder for 4 turns
  4236 | D:5      | Killed Grinder
  4236 | D:5      | Reached skill level 6 in Axes
  4236 | D:5      | Reached XP level 8. HP: 40/61 MP: 8/8
  4351 | D:5      | Found a runed gate.
  4351 | D:5      | Found a runed gate.
  4351 | D:5      | Found a runed gate.
  4353 | D:5      | Noticed Leeroy's ghost (novice DrSk)
  4403 | D:5      | Noticed Prince Ribbit
  5035 | D:6      | Reached skill level 5 in Armour
  5547 | D:6      | Reached * piety under Okawaru
  5547 | D:6      | Reached skill level 5 in Fighting
  5547 | D:6      | Reached skill level 5 in Shields
  5727 | D:6      | Reached skill level 7 in Axes
  5837 | D:6      | Reached XP level 9. HP: 50/66 MP: 9/9
  6199 | D:6      | Found Loanuz's Food Boutique.
  6662 | D:7      | Found Ruirurop's Antique Weapon Shop.
  6932 | D:6      | Reached skill level 1 in Stealth
  7170 | D:7      | Reached ** piety under Okawaru
  7708 | D:7      | Found an opulent altar of Gozag.
  7715 | D:7      | Noticed Harold
  7733 | D:7      | Gained mutation: You are agile. (Dex +2) [potion of
                  | mutation]
  7733 | D:7      | Gained mutation: You have supernaturally acute eyesight.
                  | (SInv) [potion of mutation]
  7737 | D:7      | Killed Harold
  7737 | D:7      | Reached *** piety under Okawaru
  7737 | D:7      | Reached skill level 8 in Axes
  7737 | D:7      | Gained mutation: You are partially covered in sharp spines.
                  | [demonic ancestry]
  7737 | D:7      | Reached XP level 10. HP: 5/79 MP: 6/10
  8245 | D:7      | Reached **** piety under Okawaru
  8449 | D:5      | Killed Leeroy's ghost
  8449 | D:5      | Received a gift from Okawaru
  8449 | D:5      | Reached skill level 1 in Invocations
  8734 | D:5      | Killed Prince Ribbit
  8734 | D:5      | Reached skill level 9 in Axes
  8802 | D:8      | Noticed a two-headed ogre
  8879 | D:7      | Killed a two-headed ogre
  9564 | D:9      | Reached ***** piety under Okawaru
  9571 | D:9      | Gained mutation: You have a somewhat thin skeletal
                  | structure. (Dex +2, Stealth) [demonic ancestry]
  9571 | D:9      | Reached XP level 11. HP: 72/86 MP: 12/12
  9862 | D:9      | Noticed Grum
  9872 | D:9      | Killed Grum
  9872 | D:9      | Reached skill level 10 in Axes
 10202 | D:10     | Entered Level 10 of the Dungeon
 10232 | D:10     | Noticed a two-headed ogre
 10236 | D:10     | Killed a two-headed ogre
 10320 | D:10     | Received a gift from Okawaru
 10324 | D:10     | Got brightly glowing swamp dragon scales {god gift}
 10337 | D:9      | Identified the +0 swamp dragon scales of the Elven Halls
                  | {rPois rC+++ Str-3 Int+4} (Okawaru gifted it to you on
                  | level 10 of the Dungeon)
 11453 | D:11     | Noticed an oklob plant
 11456 | D:11     | Found a staircase to the Lair.
 11491 | D:11     | Killed an oklob plant
 11771 | D:11     | Noticed Erolcha
 11774 | D:11     | Reached skill level 11 in Axes
 11779 | D:11     | Killed Erolcha
 11833 | D:11     | Noticed a seven-headed hydra
 11841 | D:11     | Killed a five-headed hydra
 11871 | D:11     | Found a staircase to the Orcish Mines.
 11871 | D:11     | Noticed an unseen horror
 11889 | D:11     | Killed an unseen horror
 11889 | D:11     | Reached XP level 12. HP: 62/95 MP: 11/13
 12981 | Lair:1   | Entered Level 1 of the Lair of Beasts
 13057 | Lair:1   | Noticed a seven-headed hydra
 13066 | Lair:1   | Killed a four-headed hydra
 13068 | Lair:1   | Impaled on a porcupine's spines

Vault maps used:
D:1:      mushboom_english_gardens
D:2:      uniq_terence
D:3:      first_ration
D:4:      elyvilon_altar_3
D:5:      minmay_temple_entry_junction, gammafunk_ghost_split, uniq_grinder,
          uniq_pikel, uniq_prince_ribbit1
D:6:      serial_shops, shop, dk_noncrumbling_4
D:7:      basic_altar, serial_shops, nicolae_shop_trees, grunt_livestock,
          hangedman_abyss_or_decor_lesser_grid, corner_web_ring, uniq_harold
D:8:      minmay_misc_feat_plants
D:9:      uniq_grum
D:10:     minmay_lizard_king
D:11:     minmay_separated_statues, dpeg_oklobed_lair, david_orc_3,
          kennysheep_minor_cross, uniq_erolcha
Temple:   kilobyte_greek_temple

Skill      XL: |  1  2  3  4  5  6  7  8  9 10 11 |
---------------+----------------------------------+-----
Shields        | 3 4 5 6 7 |  7.8
Axes           | 2 3 4 5 6 7 8 9 11 | 11.7
Armour         | 3 4 5 6 7 8 |  8.6
Dodging        | 1 2 3 4 |  4.3
Fighting       | 4 5 7 8 9 |  9.5
Stealth        | 1 2 |  2.0
Invocations    | 1 |  1.9

Action                   |  1- 3 |  4- 6 |  7- 9 | 10-12 || total
-------------------------+-------+-------+-------+-------++-------
Melee: War axe           |    83 |   172 |   332 |   363 ||   950
       Kick              |    12 |    44 |    88 |   136 ||   280
Invok: Heroism           |       |       |     4 |     9 ||    13
  Use: Scroll            |       |     7 |     2 |     7 ||    16
       Potion            |       |     1 |     4 |     1 ||     6
 Stab: Sleeping          |       |       |       |     1 ||     1
  Eat: Chunk             |     1 |     8 |    10 |    17 ||    36
       Ration            |       |       |     1 |       ||     1
Armor: Scale mail        |    47 |       |       |       ||    47
       Pearl dragon scal |     1 |    82 |   156 |   152 ||   391
Dodge: Dodged            |    29 |    44 |   125 |   141 ||   339
Block: Shield            |    55 |    66 |   192 |   203 ||   516

Table legend:
 A = Non-vault XP
 B = Vault XP
 C = Vault XP percentage of total XP
 D = Non-vault monster count
 E = Vault monster count
 F = Vault count percentage of total count
                 A         B        C        D         E       F
            +---------+---------+-------+---------+---------+-------
      Total |   18260 |    7890 |  30.2 |     298 |      36 |  10.8
            +---------+---------+-------+---------+---------+-------
        D:1 |      35 |       0 |   0.0 |      20 |       0 |   0.0
        D:2 |      89 |      36 |  28.8 |      23 |       1 |   4.2
        D:3 |     171 |       0 |   0.0 |      31 |       0 |   0.0
        D:4 |     211 |       0 |   0.0 |      18 |       0 |   0.0
        D:5 |     194 |    1748 |  90.0 |       6 |       7 |  53.8
        D:6 |    1767 |       0 |   0.0 |      38 |       0 |   0.0
        D:7 |    2840 |    1910 |  40.2 |      35 |       6 |  14.6
        D:8 |    1610 |       0 |   0.0 |      41 |       0 |   0.0
        D:9 |    1820 |     440 |  19.5 |      30 |       3 |   9.1
       D:10 |    3188 |     460 |  12.6 |      16 |      10 |  38.5
       D:11 |    5004 |    3296 |  39.7 |      36 |       9 |  20.0
     Lair:1 |    1331 |       0 |   0.0 |       4 |       0 |   0.0
            +---------+---------+-------+---------+---------+-------
